Map: Orbital Shipyard

Players

LilDicky

  • Race: Terran Terran
  • League: Diamond

MonOo - Winner!

  • Race: Protoss Protoss
  • League: Diamond

VOD

http://www.twitch.tv/tumescentpie

Description

Time

  • Played on: Dec. 12, 2015, 10:25 p.m.
  • Length: 9:13
Show
View Real Time Build Order
Export as new Build Order

LilDicky Terran 

Build Orders: MMM Bio 

Get SALT Encoding   

  12  0:04  SCV  
  13  0:16  SCV  
  13  0:21  Supply Depot  
  15  0:28  SCV  
  15  0:36  Refinery  
  16  0:42  SCV  
  16  0:45  Barracks  
  16  0:55  SCV  
  17  1:07  SCV  
  18  1:19  SCV  
  20  1:35  Marine  
  20  1:41  Orbital Command  
  20  1:47  Supply Depot  
  20  1:55  Marine  
  20  1:59  Factory  
  21  2:07  Barracks  
  21  2:10  Barracks  
  22  2:17  Refinery  
  22  2:18  Barracks Reactor  
  22  2:20  SCV  
  22  2:32  SCV  
  24  2:44  SCV  
  24  2:55  Barracks Tech Lab  
  24  2:56  SCV, Barracks Tech Lab  
  24  2:58  Marine x2  
  27  3:08  SCV  
  27  3:09  Widow Mine  
  29  3:14  Stimpack, Marine  
  29  3:15  Marine  
  29  3:19  Supply Depot  
  31  3:23  SCV, Marine x2  
  34  3:32  Combat Shields, Marine  
  35  3:35  SCV  
  34  3:51  Marine x2  
  34  3:53  Starport  
  34  3:54  Marauder  
  38  3:57  Marauder  
  40  4:03  Supply Depot  
  40  4:10  SCV  
  40  4:15  Marauder  
  43  4:22  SCV  
  46  4:27  Marauder  
  46  4:28  Marine  
  46  4:29  Marine  
  50  4:34  Medivac  
  52  4:45  Marauder  
  52  4:46  Marine  
  52  4:47  Marine  
  54  4:57  Concussive Shells  
  55  5:03  Supply Depot, Marine  
  55  5:20  Marauder x2, Medivac, Marine  
  62  5:42  Marauder x2  
  51  6:12  Marine x2  
  51  6:13  Marauder  
  51  6:22  Marine  
  44  6:30  Marine  
  43  6:34  Marauder  
  43  6:35  Marine  
  46  6:40  Marauder  
  46  6:43  Command Center  
  46  6:45  Barracks  
  48  6:47  Medivac  
  48  6:48  Marine  
  48  6:53  Marine  
  52  6:56  Marauder  
  52  6:57  SCV  
  55  7:02  Marauder  
  55  7:05  Marine  
  58  7:09  SCV  
  58  7:15  Marine  
  59  7:16  Marine  
  59  7:17  Medivac  
  59  7:22  Marine  
  63  7:23  Marine  
  63  7:26  SCV  
  58  7:45  Marine x3  
  58  7:46  Marine  
  38  8:38  SCV  
  38  8:40  Orbital Command  
  38  8:43  Marine  
  38  8:46  Marine  
Show
View Real Time Build Order
Export as new Build Order

MonOo Protoss - Winner!

Build Orders: 1 Gate Expand 

Get SALT Encoding   

  12  0:01  Probe (Chrono Boost)  
  13  0:11  Probe (Chrono Boost)  
  14  0:18  Pylon  
  14  0:22  Probe (Chrono Boost)  
  15  0:36  Probe (Chrono Boost)  
  15  0:38  Gateway  
  16  0:45  Assimilator  
  16  0:47  Probe (Chrono Boost)  
  17  0:57  Probe (Chrono Boost)  
  18  1:08  Probe (Chrono Boost)  
  19  1:20  Nexus  
  19  1:24  Probe (Chrono Boost)  
  20  1:35  Cybernetics Core  
  20  1:36  Probe (Chrono Boost)  
  21  1:43  Assimilator  
  21  1:47  Probe (Chrono Boost)  
  21  1:54  Pylon  
  22  1:58  Probe (Chrono Boost)  
  22  2:09  Probe (Chrono Boost)  
  22  2:12  Stalker (Chrono Boost)  
  26  2:24  Mothership Core (Chrono Boost)  
  26  2:25  Warp Gate  
  27  2:32  Probe (Chrono Boost)  
  28  2:42  Stalker (Chrono Boost), Probe  
  28  2:43  Probe  
  32  2:52  Probe  
  32  2:55  Probe  
  32  2:56  Robotics Facility  
  34  3:03  Probe  
  35  3:07  Probe  
  36  3:13  Probe  
  36  3:15  Assimilator  
  36  3:19  Probe  
  38  3:20  Stalker (Chrono Boost)  
  40  3:34  Probe  
  40  3:35  Pylon  
  40  3:36  Probe, Pylon  
  42  3:50  Observer  
  43  3:56  Gateway  
  43  4:00  Gateway  
  43  4:03  Probe  
  43  4:04  Probe  
  43  4:07  Pylon  
  45  4:13  Probe  
  46  4:22  Pylon  
  46  4:24  Probe  
  46  4:25  Immortal  
  46  4:26  Probe  
  46  4:28  Assimilator  
  52  4:34  Probe  
  52  4:36  Twilight Council  
  52  4:38  Probe  
  54  4:45  Probe  
  55  4:53  Probe  
  55  4:55  Gateway, Probe  
  55  4:56  Gateway  
  55  4:59  Pylon  
  57  5:04  Warp Prism  
  59  5:13  Stalker  
  61  5:19  Stalker x2  
  65  5:25  Pylon  
  65  5:29  Pylon  
  65  5:34  Stalker  
  63  5:46  Stalker x2  
  59  5:55  Mothership Core  
  61  5:58  Stalker x2  
  47  6:17  Pylon  
  43  6:18  Pylon  
  43  6:22  Probe  
  43  6:24  Probe  
  45  6:32  Blink (Chrono Boost)  
  45  6:36  Probe  
  46  6:42  Immortal  
  50  6:48  Probe  
  51  6:58  Pylon  
  51  7:00  Probe  
  52  7:07  Pylon  
  52  7:10  Probe  
  52  7:12  Probe  
  54  7:21  Probe  
  54  7:24  Probe  
  54  7:26  Adept x3  
  54  7:28  Pylon  
  62  7:31  Probe  
  62  7:36  Probe  
  62  7:53  Stalker x5  
  68  8:16  Immortal  
  70  8:30  Probe  
  70  8:31  Probe  
  72  8:41  Probe  
  72  8:42  Probe  
  72  8:43  Stalker  
  72  8:44  Stalker x3  
  82  8:54  Probe  
  83  8:57  Stalker  
Tags
 
Add a new tag
Caveats
  • Supply blocks, unpowered buildings, or Contaminate may cause inaccurate times.
  • Supply counts are checked every 10 seconds.